 Dungeon Crawl Stone Soup version 0.21.0-37-g46506fa5f3 (webtiles) character file.

114 Mordekainen the Magician (level 4, -8/24 HPs)
             Began as a Deep Elf Wizard on Feb 1, 2018.
             Mangled by an orc
             ... wielding a +3 mace of venom
              (9 damage)
             ... on level 3 of the Dungeon.
             The game lasted 00:09:19 (1559 turns).

Mordekainen the Magician (Deep Elf Wizard)          Turns: 1559, Time: 00:09:19

Health: -8/24      AC:  2    Str:  2 (4)  XL:     4   Next: 67%
Magic:  2/15       EV: 18    Int: 22 (24) God:
Gold:   91         SH:  0    Dex: 15 (18) Spells: 6/17 levels left

rFire    . . .     SeeInvis .   f - +2 dagger (venom)
rCold    . . .     Gourm    .   (no shield)
rNeg     . . .     Faith    .   a - +0 robe
rPois    .         Spirit   .   b - +0 hat
rElec    .         Reflect  .   (no cloak)
rCorr    .         Harm     .   (no gloves)
MR       .....                  (no boots)
Stlth    +++.......             (no amulet)
HPRegen  0.08/turn              (no ring)
MPRegen  0.14/turn              (no ring)

@: agile, lethally poisoned (-8 -> -13)
A: no striking features
a: no special abilities


You were on level 3 of the Dungeon.
You were not hungry.

You visited 1 branch of the dungeon, and saw 4 of its levels.

You collected 91 gold pieces.

Inventory:

Hand Weapons
 f - a +2 dagger of venom (weapon)
Armour
 a - a +0 robe (worn)
 b - a +0 hat (worn)
Scrolls
 e - 5 scrolls of identify {unknown}
 i - a scroll of immolation {unknown}
Books
 c - a book of Minor Magic

   Spells                             Type                      Level
   a - Magic Dart                     Conjuration                  1
   b - Blink                          Translocation                2
   c - Call Imp                       Summoning                    2
   d - Slow                           Hexes                        2
   e - Conjure Flame                  Conjuration/Fire             3
   f - Mephitic Cloud                 Conjuration/Poison/Air       3
Comestibles
 d - 3 rations
 j - a chunk of flesh


   Skills:
 - Level 2.4 Dodging
 - Level 2.4 Stealth
 * Level 7.2 Spellcasting
 * Level 1.9 Conjurations
 + Level 1.1 Summonings
 + Level 1.1 Translocations


You had 6 spell levels left.
You knew the following spells:

 Your Spells              Type           Power        Failure   Level  Hunger
a - Magic Dart            Conj           ###.         3%          1    None
b - Blink                 Tloc           N/A          8%          2    None
c - Call Imp              Summ           ##......     8%          2    None
d - Conjure Flame         Conj/Fire      ##......     16%         3    None
e - Mephitic Cloud        Conj/Pois/Air  ##......     19%         3    None


Dungeon Overview and Level Annotations

Branches:
Dungeon (4/15)
 Temple: D:4-7

Altars:


Message History

The orc shouts!
Your magical contamination has completely faded away.
An adder comes into view.
* * * LOW HITPOINT WARNING * * *
You feel sick.
Found a stone staircase leading up.
* * * LOW HITPOINT WARNING * * *
You feel sick.
A rat comes into view.
Sorry, you're not good enough to have a special ability.
Okay, then.
It was a potion of degeneration.
There was something very wrong with that liquid.
You feel weakened.
You feel dopey.
You feel clumsy.
The rat moves out of view.
It was a potion of agility.
You feel agile all of a sudden.
* * * LOW HITPOINT WARNING * * *
You feel sick. The orc hits you with a mace of venom!
You die...

..###...# .# #
<.#....###... ..
#.#.#........ #.
#.#.#.......#
#<.####..........#
.##...............#
...S....##.oo.o...#
.......@##o.K.....#
........o.o#.######
........#..#.#
##########.#.#
###.########
#....#...##
##...>.....##.
#.............
#.........).[†


You could see an adder (sleeping) and 2 orcs.

Vanquished Creatures
  A crimson imp (D:2)
  An orc wizard (D:3)
  A dart slug (D:1)
  2 leopard geckos
  An orc (D:3)
  4 ball pythons
  2 giant cockroaches (D:1)
  5 goblins
  5 hobgoblins
  5 jackals
  9 kobolds
  4 bats (D:1)
  5 frilled lizards
  4 rats (D:1)
49 creatures vanquished.

Vanquished Creatures (collateral kills)
  2 jackals (D:4)
2 creatures vanquished.

Grand Total: 51 creatures vanquished

Notes
Turn   | Place    | Note
-------+----------+-------------------------------------------
     0 | D:1      | Mordekainen the Deep Elf Wizard began the quest for the Orb.
     0 | D:1      | Reached XP level 1. HP: 10/10 MP: 7/7
   164 | D:1      | Reached skill level 5 in Spellcasting
   186 | D:1      | Reached XP level 2. HP: 15/15 MP: 2/10
   444 | D:1      | Learned a level 2 spell: Blink
   447 | D:1      | Learned a level 2 spell: Call Imp
   678 | D:1      | Reached XP level 3. HP: 19/19 MP: 8/12
  1114 | D:2      | Reached skill level 6 in Spellcasting
  1137 | D:2      | Learned a level 3 spell: Conjure Flame
  1141 | D:2      | Learned a level 3 spell: Mephitic Cloud
  1240 | D:2      | Reached XP level 4. HP: 22/24 MP: 1/14
  1303 | D:2      | You fall through a shaft!
  1410 | D:4      | Noticed an ogre
  1530 | D:3      | Reached skill level 7 in Spellcasting
  1559 | D:3      | HP: 1/24 [poisoned by an orc]
  1559 | D:3      | Mangled by an orc

Skill      XL: |  1  2  3  4 |
---------------+-------------+-----
Spellcasting   | 5 6 7 |  7.2
Dodging        | |  2.4
Stealth        | |  2.4
Conjurations   | |  1.9
Summonings     | |  1.1
Translocations | |  1.1

Action                   |  1- 3 |  4- 6 || total
-------------------------+-------+-------++-------
Melee: Dagger            |    13 |     7 ||    20
 Cast: Magic Dart        |    92 |    26 ||   118
       Call Imp          |       |     3 ||     3
       Mephitic Cloud    |       |     2 ||     2
  Use: Potion            |       |     2 ||     2
  Eat: Chunk             |       |     2 ||     2
Armor: Robe              |     3 |     4 ||     7
Dodge: Dodged            |    19 |    18 ||    37
